 Dungeon Crawl Stone Soup version 0.31-a0-1165-g196b491b36 (webtiles) character file.

Game seed: 427469856844484235

4194 bmb222 the Cleaver (level 10, -2/72 (77) HPs)
             Began as a Formicid Fighter on Dec 9, 2023.
             Slain by a wyvern (11 damage)
             ... on level 9 of the Dungeon.
             The game lasted 00:07:36 (7212 turns).

bmb222 the Cleaver (Formicid Fighter)               Turns: 7212, Time: 00:07:36

HP:   -2/72 (77)    AC:  8    Str: 31    XL:     10   Next: 54%
MP:   10/10         EV: 15    Int:  4    God:
Gold: 269           SH: 16    Dex: 17    Spells: 9/9 levels left

rFire   . . .        G - +5 war axe (freeze)
rCold   . . .        w - +0 tower shield
rNeg    . . .        P - +1 ring mail of Idealism {Regen+ Int-4 Dex+4}
rPois   .            (helmet unavailable)
rElec   .            (no cloak)
rCorr   .            (no gloves)
SInv    +            i - +0 pair of boots
Will    +....        e - amulet of the acrobat
Stlth   +            k - +5 ring of evasion
HPRegen 1.12/turn    p - +6 ring of strength
MPRegen 0.12/turn

%: acrobat
@: drained
A: permanent stasis, dig shafts and tunnels, antennae 3, four strong arms
a: Dig, Shaft Self


You were on level 9 of the Dungeon.
You visited 1 branch of the dungeon, and saw 9 of its levels.
You also visited: Sewer.

You collected 541 gold pieces.
You spent 272 gold pieces at shops.

Inventory:

Hand Weapons
 a - a +0 war axe
 G - a +5 war axe of freezing (weapon)
Armour
 b - a +0 scale mail
 c - a +0 buckler
 i - a +0 pair of boots (worn)
 w - a +0 tower shield (worn)
 P - the +1 ring mail of Idealism (worn) {Regen+ Int-4 Dex+4}
   (You found it on level 7 of the Dungeon)

   Int-4:     It affects your intelligence (-4).
   Dex+4:     It affects your dexterity (+4).
   Regen+:    It increases your rate of health regeneration.
Jewellery
 e - an amulet of the acrobat (around neck)
 k - a +5 ring of evasion (left hand)
 p - a +6 ring of strength (right hand)
 v - a ring of poison resistance
 x - a ring of magical power
 C - a ring of protection from fire
 I - an amulet of magic regeneration
 M - a ring of wizardry
Wands
 n - a wand of flame (28)
 q - a wand of polymorph (20)
 y - a wand of digging (2)
 E - a wand of iceblast (4)
Scrolls
 j - 3 scrolls of enchant armour {unknown}
 m - a scroll of fear
 s - a scroll of fog
 t - 2 scrolls of revelation
 z - a scroll of summoning {unknown}
 A - a scroll of torment {unknown}
 B - a scroll of blinking {unknown}
 D - a scroll of poison {unknown}
 J - 2 scrolls of identify
 L - a scroll of noise {unknown}
Potions
 d - 2 potions of might
 f - a potion of degeneration
 g - 3 potions of resistance
 h - 2 potions of magic
 l - a potion of brilliance {unknown}
 o - 3 potions of cancellation
 r - a potion of curing
 u - 3 potions of heal wounds
 F - a potion of invisibility
 H - a potion of attraction {unknown}
 K - 3 potions of berserk rage {unknown}
 N - a potion of lignification {unknown}
 O - a potion of mutation {unknown}


   Skills:
 * Level 6.3 Fighting
 * Level 11.0 Axes
 * Level 7.0 Armour
 + Level 2.8 Dodging
 + Level 8.0 Shields


You had 9 spell levels left.
You didn't know any spells.
Your spell library contained the following spells:

 Spells                   Type           Power      Damage    Failure   Level
 Magic Dart               Conj           0%         1d3       94%         1
 Sandblast                Erth           0%         2d4       94%         1
 Passwall                 Tmut/Erth      0%         N/A       98%         2
 Inner Flame              Hex/Fire       0%         N/A       100%        3
 Stone Arrow              Conj/Erth      0%         3d7       100%        3
 Brom's Barrelling Bould  Conj/Erth      0%         2d3       100%        4
 Flame Wave               Conj/Fire      0%         2d4       100%        4
 Sticky Flame             Conj/Fire      0%         2d3       100%        4


Dungeon Overview and Level Annotations

Branches:
Dungeon (9/15)             Temple (0/1) D:6            Lair (0/5) D:9
  Sewer (visited)
    Orc: D:9-12

Altars:
Ashenzari
Cheibriados
Dithmenos
Elyvilon
Gozag
Hepliaklqana
Kikubaaqudgha
Qazlal
Sif Muna
Vehumet

Shops:
D:7 ?


Innate Abilities, Weirdness & Mutations

You cannot be hasted, slowed, berserked, paralysed or teleported.
You can dig through walls and to a lower floor.
You have a pair of large antennae on your head. (SInv)
Your four strong arms can wield two-handed weapons with a shield.


Message History

You block the wyvern's attack.
You have turned to stone.
The wyvern bites you but does no damage.
A yak comes into view.
The wight hits you from afar with a +3 halberd!
The wyvern bites you! The basilisk bites you! The wyvern bites you.
The wight hits you from afar with a +3 halberd!
The wyvern bites you. The basilisk gazes at you.
You easily resist.
The wight hits you from afar with a +3 halberd!
The wyvern bites you but does no damage.
The basilisk gazes at you.
You easily resist.
The wyvern bites you.
The wight hits you from afar with a +3 halberd!
The wyvern bites you but does no damage.
The basilisk bites you!
The wight hits you from afar with a +3 halberd!
The wyvern bites you but does no damage.
The basilisk gazes at you.
A yak comes into view.
The wyvern bites you. The wyvern bites you!
* * * LOW HITPOINT WARNING * * *
The basilisk bites you.
* * * LOW HITPOINT WARNING * * *
A two-headed ogre comes into view.
It is wielding a +2 heavy dire flail and a +0 giant club.
A yak comes into view.
The two-headed ogre shouts in stereo!
The wyvern bites you.
* * * LOW HITPOINT WARNING * * *
The wyvern bites you!
* * * LOW HITPOINT WARNING * * *
The wyvern bites you!
* * * LOW HITPOINT WARNING * * *
The wight barely misses you.
You turn to flesh and can move again.
The wyvern misses you.
There is a stone staircase leading up, spattered with blood here.
The wyvern bites you!
You die...

.............#.#
...Y...........##
..>{.............
....{{Y.........
.....{YY......#
#lY.....#
#YYz...<#.##
#l..........
#@..........
##.##......# #.#
##.#### ..# .#
#.## # #. .. ..


You could see an elephant, 5 yaks, a basilisk, a wyvern and a wight.

Vanquished Creatures
  A two-headed ogre (D:6)
  Sigmund (D:3)
  Menkaure (D:4)
  A steam dragon (D:8)
  Edmund (D:5)
  2 water moccasins
  Duvessa (D:7)
  2 orc warriors (D:8)
  Pargi (Sewer)
  An ice beast (D:7)
  A sky beast (D:8)
  2 black bears
  An ogre (D:4)
  3 centaurs (D:8)
  2 phantoms
  A kobold brigand (D:8)
  2 brain worms (Sewer)
  2 bullfrogs
  2 scorpions
  2 wights (D:8)
  Dowan (D:7)
  3 killer bees (D:7)
  2 howler monkeys
  An orc priest (D:8)
  3 hounds
  An iron imp (D:7)
  2 sleepcaps
  Ijyb (D:4)
  6 iguanas
  Natasha (twice) (D:2)
  8 orc wizards
  Robin (D:3)
  4 gnolls (D:6)
  4 adders
  2 white imps (D:7)
  2 ufetubi (D:6)
  5 worms
  2 dart slugs
  23 orcs
  11 ball pythons
  2 endoplasms (D:2)
  7 giant cockroaches
  17 goblins
  9 hobgoblins
  4 quokkas
  6 bats
  10 frilled lizards
  10 kobolds
  10 rats
189 creatures vanquished.

Notes
Turn   | Place    | Note
-------+----------+-------------------------------------------
     0 | D:1      | bmb222 the Formicid Fighter began the quest for the Orb.
     0 | D:1      | Reached XP level 1. HP: 18/18 MP: 1/1
   163 | D:1      | Reached XP level 2. HP: 24/24 MP: 2/2
   523 | D:1      | Found a faded altar of an unknown god.
   617 | D:1      | Reached XP level 3. HP: 28/30 MP: 3/3
  1083 | D:2      | Noticed Natasha
  1091 | D:2      | Killed Natasha
  1092 | D:2      | Reached XP level 4. HP: 35/37 MP: 4/4
  1108 | D:2      | Reached skill level 3 in Axes
  1279 | D:2      | Noticed Natasha
  1286 | D:2      | Killed Natasha
  1287 | D:2      | Reached XP level 5. HP: 33/42 MP: 5/5
  1530 | D:3      | Noticed Sigmund
  1547 | D:3      | Killed Sigmund
  1548 | D:3      | Reached skill level 4 in Axes
  1548 | D:3      | Reached skill level 1 in Dodging
  1548 | D:3      | Reached XP level 6. HP: 48/48 MP: 6/6
  1589 | D:3      | Reached skill level 5 in Axes
  1690 | D:3      | Found a glowing drain.
  1708 | Sewer    | Entered a sewer
  1723 | Sewer    | Reached XP level 7. HP: 44/54 MP: 5/7
  1764 | Sewer    | Noticed Pargi
  1774 | Sewer    | Killed Pargi
  1808 | Sewer    | Reached skill level 6 in Axes
  1876 | Sewer    | Reached skill level 5 in Shields
  1949 | D:3      | Noticed Robin
  1950 | D:3      | Found an opulent altar of Gozag.
  1970 | D:3      | Killed Robin
  2033 | D:3      | Found a shadowy altar of Dithmenos.
  2537 | D:4      | Reached XP level 8. HP: 61/61 MP: 8/8
  2537 | D:4      | Found a hazy altar of Hepliaklqana.
  2540 | D:4      | Noticed Menkaure
  2553 | D:4      | Killed Menkaure
  2554 | D:4      | Reached skill level 7 in Axes
  2793 | D:4      | Found a broken altar of Ashenzari.
  3112 | D:4      | Noticed Ijyb
  3118 | D:4      | Killed Ijyb
  3529 | D:5      | Entered Level 5 of the Dungeon
  3789 | D:5      | Reached skill level 8 in Axes
  3842 | D:5      | Noticed Edmund
  3854 | D:5      | Killed Edmund
  4006 | D:5      | Reached skill level 5 in Armour
  4006 | D:5      | Reached XP level 9. HP: 61/67 MP: 9/9
  4037 | D:5      | Reached skill level 5 in Fighting
  4911 | D:6      | Found a staircase to the Ecumenical Temple.
  4944 | D:6      | Reached skill level 9 in Axes
  5151 | D:6      | Found a stormy altar of Qazlal.
  5194 | D:7      | Noticed a two-headed ogre
  5212 | D:6      | HP: 3/68 [two-headed ogre/+0 giant spiked club (7)]
  5217 | D:6      | Killed a two-headed ogre
  5525 | D:7      | Noticed Duvessa
  5536 | D:7      | Killed Duvessa
  5550 | D:7      | Noticed Dowan
  5558 | D:7      | Killed Dowan
  5559 | D:7      | Reached XP level 10. HP: 76/76 MP: 10/10
  5627 | D:7      | Reached skill level 10 in Axes
  5658 | D:7      | Identified the +1 ring mail of Idealism {Regen+ Int-4
                  | Dex+4}
  5669 | D:7      | Found a snail-covered altar of Cheibriados.
  5869 | D:7      | Found a white marble altar of Elyvilon.
  5945 | D:7      | Found Sissu's Magic Scroll Emporium.
  5953 | D:7      | Bought a scroll of brand weapon for 152 gold pieces
  5953 | D:7      | Bought a scroll of enchant weapon for 120 gold pieces
  6655 | D:8      | Found an ancient bone altar of Kikubaaqudgha.
  6659 | D:8      | Reached skill level 11 in Axes
  6664 | D:8      | Found a radiant altar of Vehumet.
  6669 | D:8      | Got Vehumet's Folio of Kinetic Energy
  6680 | D:8      | Found a shimmering blue altar of Sif Muna.
  7196 | D:9      | Noticed an elephant
  7197 | D:9      | Found a staircase to the Lair.
  7207 | D:9      | Noticed a two-headed ogre
  7212 | D:9      | Slain by a wyvern

Illustrated notes

Levels and vault maps discovered:
D:1:      dpeg_arrival_rooms_a, layout_loops_corners,
          shapermc_ecumenical_altar_acropolis
D:2:      layout_rooms, kennysheep_another_room, minmay_bisected, uniq_natasha
D:3:      layout_loops_ring, old_standard_altar, nicolae_gozag_seed_capital,
          portal_sewer_entry_b, uniq_sigmund, uniq_robin
D:4:      layout_loops_corners, amcnicky_altar_gilded,
          mainiacjoe_overflow_24_doors, skrybe_limestone_x, uniq_menkaure,
          uniq_ijyb
D:5:      layout_rooms, serial_co_window_serial, co_window_corner_a,
          co_window_cross_1, co_window_of_opportunity_a, co_window_corner_a,
          co_window_corner_a, co_window_corner_a, co_window_paths_a,
          co_window_cross_4, co_window_2corner, co_window_corner_b,
          co_window_paths_c, co_window_sun, glass_columns_a, glass_columns_a,
          glass_columns_c, glass_columns_a, glass_columns_b, uniq_edmund
D:6:      layout_basic, general_overflow_altar, minmay_temple_entry_stoned_glass
D:7:      layout_basic, kennysheep_little_box, slow_altar_1, serial_shops, shop,
          uniq_duvessa
D:8:      layout_basic, palyth_temple_overflow_mages
D:9:      layout_rooms, old_standard_altar, mainiacjoe_overflow_surrounded_room,
          david_lair_generic, hiddenorc1_lemuel, guppyfry_early_elven_hall

Skill      XL: |  1  2  3  4  5  6  7  8  9 10 |
---------------+-------------------------------+-----
Axes           | 3 4 5 6 8 9 11 | 11.0
Fighting       | 4 5 6 |  6.3
Armour         | 4 5 6 7 |  7.0
Dodging        | 1 2 |  2.8
Shields        | 5 6 7 8 |  8.0

Action                     |  1- 3 |  4- 6 |  7- 9 | 10-12 || total
---------------------------+-------+-------+-------+-------++-------
  Melee: War axe           |    74 |    88 |   308 |    96 ||   566
    Use: Scroll            |       |       |    11 |     3 ||    14
         Potion            |       |       |     2 |       ||     2
 Armour: Scale mail        |    45 |    35 |   147 |    34 ||   261
         Ring mail         |       |       |       |    22 ||    22
  Dodge: Dodged            |    40 |    50 |   178 |    45 ||   313
  Block: Buckler           |    19 |    23 |    19 |       ||    61
         Tower shield      |       |       |   180 |    88 ||   268

Table legend: (Time is in decaauts)
 A = Elapsed time spent in this place.
 B = Non-inter-level travel time spent in this place.
 C = Inter-level travel time spent in this place.
 D = Time resting spent in this place.
 E = Time spent auto-exploring this place.
 F = Levels seen in this place.
 G = Mean time per level.
                   A        B        C        D        E       F      G
               +--------+--------+--------+--------+--------+-----+--------+
         Total |   7402 |   7128 |    274 |    719 |   4912 |  10 |  740.2 |
       Dungeon |   7184 |   6910 |    274 |    719 |   4798 |   9 |  798.2 |
         Sewer |    218 |    218 |      0 |      0 |    114 |   1 |  218.0 |
               +--------+--------+--------+--------+--------+-----+--------+

Top non-repeatable levels by time:
     D:4: 1154 daAuts
     D:5: 1092 daAuts
     D:1: 953 daAuts
     D:7: 926 daAuts
     D:8: 908 daAuts
     D:3: 811 daAuts
     D:6: 725 daAuts
     D:2: 579 daAuts
   Sewer: 218 daAuts
     D:9: 33 daAuts
